 Dungeon Crawl Stone Soup version 0.25.0-11-g1f837a76a1 (webtiles) character file.

Game seed: 4862224281872877741

558 Esekla the Chopper (level 7, -2/62 HPs)
             Began as a Deep Dwarf Chaos Knight on June 26, 2020.
             Was a Plaything of Xom.
             Slain by a merfolk (shapeshifter) (17 damage)
             ... on level 3 of the Dungeon.
             The game lasted 00:14:20 (1625 turns).

Esekla the Chopper (Deep Dwarf Chaos Knight)        Turns: 1625, Time: 00:14:20

Health: -2/62      AC:  9    Str: 18    XL:     7   Next: 9%
Magic:  8/8        EV: 13    Int: 12    God:    Xom [.*....]
Gold:   168        SH:  0    Dex: 12    Spells: 8/9 levels left

rFire    . . .     SeeInvis .   a - +0 hand axe (chaos)
rCold    . . .     Gourm    .   (no shield)
rNeg     . . .     Faith    .   b - +2 leather armour
rPois    .         Spirit   .   k - +0 helmet (curse)
rElec    .         Reflect  .   n - +0 cloak
rCorr    .         Harm     .   q - +0 pair of gloves
MR       +....                  (no boots)
Stlth    +.........             (no amulet)
HPRegen  0.00/turn              (no ring)
MPRegen  0.11/turn              (no ring)

@: non-regenerating
A: damage resistance, heal wounds, sense surroundings 1, no regeneration
a: Heal Wounds, Renounce Religion


You were on level 3 of the Dungeon.
You worshipped Xom.
You were a plaything of Xom.
You were not hungry.

You visited 1 branch of the dungeon, and saw 4 of its levels.
You also visited: Sewer.

You collected 168 gold pieces.

Inventory:

Hand Weapons
 a - a +0 hand axe of chaos (weapon)
 e - a +2 mace of protection
Missiles
 o - 5 boomerangs (quivered)
 p - 41 poisoned darts
Armour
 b - a +2 leather armour (worn)
 k - a cursed +0 helmet (worn)
 n - a +0 cloak (worn)
 q - a +0 pair of gloves (worn)
Wands
 s - a wand of flame (11)
 t - a wand of iceblast (2)
Scrolls
 d - 4 scrolls of teleportation {unknown}
 f - 2 scrolls of identify {unknown}
 j - 3 scrolls of blinking {unknown}
 m - a scroll of fog {unknown}
 w - a scroll of remove curse {unknown}
Potions
 g - a potion of degeneration {unknown}
 h - 2 potions of might {unknown}
 i - a potion of haste {unknown}
 l - 2 potions of magic {unknown}
 r - 2 potions of berserk rage {unknown}
 u - 2 potions of curing {unknown}
Comestibles
 c - 5 rations


   Skills:
 + Level 3.3 Fighting
 * Level 6.2 Axes
 + Level 0.3 Throwing
 * Level 3.8 Armour
 * Level 3.6 Dodging
 + Level 1.2 Stealth
 * Level 1.8 Spellcasting


You had 8 spell levels left.
You knew the following spells:

 Your Spells              Type           Power        Failure   Level  Hunger
a - Apportation           Tloc           #.....       32%         1    ##.....

Your spell library contained the following spells:

 Spells                   Type           Power        Failure   Level  Hunger
 Animate Skeleton         Necr           N/A          32%         1    ##.....
 Corona                   Hex            #......      32%         1    ##.....
 Summon Small Mammal      Summ           #...         32%         1    ##.....


Dungeon Overview and Level Annotations

Branches:
Dungeon (4/15)              Sewer (visited)
 Temple: D:4-7

Altars:
Nemelex Xobeh


Innate Abilities, Weirdness & Mutations

You are resistant to damage.
You can heal yourself by infusing magical energy.
You passively map a small area around you.
You do not regenerate.


Message History

* * * LOW HITPOINT WARNING * * *
You closely miss something. Something hits you!
* * * LOW HITPOINT WARNING * * *
You completely miss something. Something barely misses you.
You feel much better. Something hits you but does no damage.
You hit something but do no damage. Something hits you.
You slash something! Something hits you!!
* * * LOW HITPOINT WARNING * * *
You closely miss something. Something hits you but does no damage.
You hit something. Something hits you.
You barely miss something. Something hits you!
* * * LOW HITPOINT WARNING * * *
You feel much better. Something hits you.
You slash something! Something hits you.
You see here a +0 dagger.
You closely miss something. Something hits you but does no damage.
You barely miss something. Something hits you.
* * * LOW HITPOINT WARNING * * *
You miss something. Something hits you!!
You die...

#.# * , ,, ,.
#.# *, , ##
#.# * * #.# .
#.# .. , ,
##'#####... *
###..........
#...)(.......*
*
#(.(@{.......
, ,
#.........)?.
#...........#
#...........#
#...#####...#
##### *####


There were no monsters in sight!

Vanquished Creatures
  Sigmund (D:3)
  A phantom (D:4)
  A centaur zombie (D:4)
  Terence (D:2)
  Ijyb (D:3)
  Robin (D:2)
  9 adders
  2 river rats (D:3)
  10 oozes
  9 leopard geckos
  An orc (D:4)
  8 giant cockroaches
  9 goblins
  6 hobgoblins
  4 jackals (D:3)
  2 kobolds
  A quokka (D:4)
  5 ball pythons (Sewer)
  A bat (D:2)
  14 frilled lizards
  8 rats
95 creatures vanquished.

Vanquished Creatures (collateral kills)
  A giant cockroach (D:3)
1 creature vanquished.

Vanquished Creatures (others)
  An ooze (Sewer)
1 creature vanquished.

Grand Total: 97 creatures vanquished

Notes
Turn   | Place    | Note
-------+----------+-------------------------------------------
     0 | D:1      | Esekla the Deep Dwarf Chaos Knight began the quest for the
                  | Orb.
     0 | D:1      | Reached XP level 1. HP: 20/20 MP: 1/1
    36 | D:1      | XOM: silly message
   234 | D:2      | Reached XP level 2. HP: 16/27 MP: 2/2
   343 | D:2      | Reached skill level 4 in Axes
   343 | D:2      | Reached XP level 3. HP: 13/33 MP: 3/3
   366 | D:2      | Found a sparkling altar of Nemelex Xobeh.
   370 | D:2      | Noticed Robin
   394 | D:2      | Killed Robin
   395 | D:2      | Noticed Terence
   409 | D:1      | Reached XP level 4. HP: 12/42 MP: 4/4
   436 | D:2      | XOM: silly message
   443 | D:2      | Killed Terence
   540 | D:2      | XOM: silly message
   660 | D:3      | Noticed Sigmund
   670 | D:3      | Killed Sigmund
   670 | D:3      | Reached skill level 5 in Axes
   670 | D:3      | Reached skill level 1 in Spellcasting
   670 | D:3      | Reached XP level 5. HP: 30/49 MP: 3/5
   693 | D:3      | Learned a level 1 spell: Apportation
   785 | D:3      | Noticed Ijyb
   791 | D:3      | XOM: divination: detect items
   796 | D:3      | Killed Ijyb
   796 | D:3      | Reached XP level 6. HP: 34/56 MP: 6/6
   880 | D:3      | XOM: silly message
   896 | D:3      | XOM: polymorph jackal -> bat
   899 | D:3      | Found a glowing drain.
   910 | Sewer    | Entered a sewer
  1037 | Sewer    | XOM: stat loss: -1 Dex (11/12)
  1170 | Sewer    | XOM: 1-stop teleportation journey
  1520 | D:4      | Reached skill level 6 in Axes
  1520 | D:4      | Reached skill level 1 in Stealth
  1520 | D:4      | Reached XP level 7. HP: 37/62 MP: 8/8
  1601 | D:3      | Noticed a shapeshifter
  1601 | D:3      | a kobold changed into a shapeshifter
  1601 | D:3      | XOM: polymorph kobold -> shapeshifter
  1601 | D:3      | a shapeshifter changed into something unseen
  1608 | D:3      | Noticed a merfolk
  1609 | D:3      | XOM: noise
  1619 | D:3      | HP: 2/62 [something (13)]
  1625 | D:3      | Slain by a merfolk (shapeshifter)

Illustrated notes

Levels and vault maps discovered:
D:1:      dpeg_arrival_round_a, layout_basic, minmay_misc_feat_four_crosses
D:2:      layout_basic, old_standard_altar, uniq_terence, uniq_robin
D:3:      layout_basic, gup_sewer_entry_bowl, uniq_sigmund, uniq_ijyb
D:4:      minmay_skewed_foursquare, layout_basic, serial_shops, shop,
          uniq_grinder

Skill      XL: |  1  2  3  4  5  6 |
---------------+-------------------+-----
Axes           | 4 5 6 |  6.2
Fighting       | 3 |  3.3
Armour         | 3 |  3.8
Dodging        | 2 3 |  3.6
Spellcasting   | 1 |  1.8
Stealth        | 1 |  1.2
Throwing       | |  0.3

Action                   |  1- 3 |  4- 6 |  7- 9 || total
-------------------------+-------+-------+-------++-------
Melee: Hand axe          |    79 |   188 |    36 ||   303
Throw: Dart              |       |     7 |       ||     7
       Boomerang         |       |     6 |       ||     6
 Abil: Heal Wounds       |     1 |     3 |     2 ||     6
 Stab: Petrified         |     1 |       |       ||     1
       Paralysed         |       |     2 |       ||     2
       Sleeping          |       |     1 |     1 ||     2
       Confused          |       |     1 |       ||     1
       Petrifying        |       |     1 |       ||     1
  Eat: Chunk             |       |     3 |       ||     3
Armor: Leather armour    |    32 |    80 |    10 ||   122
Dodge: Dodged            |    45 |   123 |    19 ||   187
